 Dungeon Crawl Stone Soup version 0.23.2-1-ga50397a (webtiles) character file.

Game seed: 10288454597715429214

102 MalarOregon the Caller (level 4, -2/30 HPs)
             Began as a Merfolk Summoner on May 17, 2019.
             Killed by nerve-wracking pain
             ... invoked by an orc priest
              (14 damage)
             ... on level 3 of the Dungeon.
             The game lasted 00:07:45 (3640 turns).

MalarOregon the Caller (Merfolk Summoner)           Turns: 3640, Time: 00:07:46

Health: -2/30      AC:  2    Str:  8    XL:     4   Next: 78%
Magic:  4/8        EV: 13    Int: 15    God:
Gold:   132        SH:  0    Dex: 14    Spells: 2/9 levels left

rFire    . . .     SeeInvis .   d - +0 spear
rCold    . . .     Gourm    .   (no shield)
rNeg     . . .     Faith    .   a - +0 robe
rPois    .         Spirit   .   (no helmet)
rElec    .         Reflect  .   (no cloak)
rCorr    .         Harm     .   (no gloves)
MR       .....                  (no boots)
Stlth    ++........             (no amulet)
HPRegen  0.10/turn              (no ring)
MPRegen  0.11/turn              (no ring)

@: no status effects
A: change form in water, swift swim, stealthy swim
a: no special abilities


You were on level 3 of the Dungeon.
You were not hungry.

You visited 1 branch of the dungeon, and saw 3 of its levels.

You collected 132 gold pieces.

Inventory:

Hand Weapons
 d - a +0 spear (weapon)
   (You found it on level 1 of the Dungeon)
Armour
 a - a +0 robe (worn)
 c - a cursed +0 leather armour
   (You found it on level 3 of the Dungeon)
Wands
 u - a wand of paralysis (2)
   (You took it off a hobgoblin on level 3 of the Dungeon)
Scrolls
 f - 2 scrolls of teleportation {unknown}
 g - a scroll of noise {unknown}
 i - 3 scrolls of enchant weapon {unknown}
 l - a scroll of remove curse {unknown}
 n - a scroll of magic mapping {unknown}
Potions
 b - a potion of haste {unknown}
 h - 2 potions of heal wounds {unknown}
 j - a potion of curing {unknown}
 k - a potion of agility {unknown}
Comestibles
 e - 3 rations {!d}
 m - 3 chunks of flesh


   Skills:
 - Level 2.6 Dodging
 - Level 2.1 Stealth
 + Level 3.0 Spellcasting
 * Level 5.4 Summonings


You had 2 spell levels left.
You knew the following spells:

 Your Spells              Type           Power        Failure   Level  Hunger
a - Summon Small Mammal   Summ           ###.         2%          1    #......
d - Summon Ice Beast      Ice/Summ       ##......     54%         4    #####..
x - Call Imp              Summ           ###.....     3%          2    ##.....

Your spell library contained the following spells:

 Spells                   Type           Power        Failure   Level  Hunger
 Call Canine Familiar     Summ           ###.....     6%          3    ###....
 Summon Guardian Golem    Hex/Summ       ##......     21%         3    ###....
 Summon Lightning Spire   Summ/Air       ##......     54%         4    #####..


Dungeon Overview and Level Annotations

Branches:
Dungeon (3/15)

Altars:


Message History

Found a scroll labeled INWODD HICITH.
n - a scroll labeled INWODD HICITH Eating one of 3 chunks of flesh.
You eat one of the 3 chunks of flesh.
Found a stone staircase leading up.
There is a stone staircase leading up here.
There is a stone staircase leading up here.
You see here 22 sling bullets.
The frilled lizard hisses angrily.
The frilled lizard is too close now for your liking.
A frilled lizard is nearby!
A frilled lizard is nearby!
A frilled lizard is nearby!
You hit the frilled lizard but do no damage.
The frilled lizard bites you.
You closely miss the frilled lizard. The frilled lizard closely misses you.
You miss the frilled lizard. The frilled lizard bites you.
You miss the frilled lizard. The frilled lizard bites you.
You hit the frilled lizard but do no damage.
The frilled lizard closely misses you.
You closely miss the frilled lizard. The frilled lizard barely misses you.
You miss the frilled lizard. The frilled lizard bites you.
You hit the frilled lizard but do no damage.
The frilled lizard misses you. The frilled lizard bites you.
You hit the frilled lizard.
You kill the frilled lizard!
No target in view!
No target in view!
You butcher the frilled lizard corpse.
m - 3 chunks of flesh (gained 1)
You see here a frilled lizard skeleton. x2
Done exploring.
Done exploring.
Done exploring.
Done exploring.
Level map cleared.
The orc priest is too close now for your liking.
An orc priest is nearby!
An orc priest is nearby!
A beastly little devil appears in a puff of flame.
The orc priest shouts!
The orc priest mumbles some strange prayers to Beogh against you.
Beogh smites you!
* * * LOW HITPOINT WARNING * * *
A beastly little devil appears in a puff of flame.
You swap places.
You swap places.
Your crimson imp blinks!
The orc priest calls down the wrath of Beogh upon you.
Pain shoots through your body!
You die...

* ******#..# *,,**,* *,***
#.o# *,,,,,* *,* #..#
**,**** *,* #..* **,##
*,**** ##o## ***,..#*
*,,,,* #...#
*,,....****,**5* ###.#o###
*,.....,,,,,**5*
#...#...###..[...*******,*
#.#####5.@......#* *,*
#...#...######.## *,*
###.#..........,* *,*
#...########.** *,*
##....# *,* *<* ####.#
*,*********,* **รท#*
*,,,,,,,,,,,, **,*.**
*,**********,
******,**#.** *,* *,


You could see an orc priest and a friendly crimson imp.

Vanquished Creatures
  An adder (D:2)
  2 worms
  A dart slug (D:1)
  A leopard gecko (D:1)
  2 bats
  3 giant cockroaches
  3 goblins
  3 hobgoblins
  A quokka (D:3)
  4 frilled lizards
  4 kobolds
  A leopard gecko skeleton (D:3)
  2 rats
28 creatures vanquished.

Vanquished Creatures (collateral kills)
  An orc wizard (D:3)
  3 adders
  2 gnolls (D:1)
  An ooze (D:2)
  3 worms
  A dart slug (D:1)
  A leopard gecko (D:3)
  2 orcs (D:3)
  3 bats (D:1)
  A giant cockroach (D:3)
  3 goblins
  4 hobgoblins
  A frilled lizard (D:3)
  4 kobolds
  3 rats
33 creatures vanquished.

Grand Total: 61 creatures vanquished

Notes
Turn   | Place    | Note
-------+----------+-------------------------------------------
     0 | D:1      | MalarOregon the Merfolk Summoner began the quest for the
                  | Orb.
     0 | D:1      | Reached XP level 1. HP: 13/13 MP: 3/3
   429 | D:1      | Reached XP level 2. HP: 7/19 MP: 0/5
   623 | D:1      | Learned a level 2 spell: Call Imp
   965 | D:1      | Reached XP level 3. HP: 24/24 MP: 1/6
  1831 | D:2      | Reached skill level 5 in Summonings
  1907 | D:2      | Reached XP level 4. HP: 23/30 MP: 8/8
  2069 | D:2      | You fall through a shaft!
  3379 | D:3      | Learned a level 4 spell: Summon Ice Beast
  3433 | D:3      | Paralysed by a hobgoblin for 2 turns
  3640 | D:3      | Killed from afar by an orc priest

Skill      XL: |  1  2  3  4 |
---------------+-------------+-----
Summonings     | 5 |  5.4
Spellcasting   | 3 |  3.0
Dodging        | |  2.6
Stealth        | |  2.1

Action                   |  1- 3 |  4- 6 || total
-------------------------+-------+-------++-------
Melee: Unarmed           |    13 |       ||    13
       Spear             |    97 |    72 ||   169
 Cast: Summon Small Mamm |    21 |     2 ||    23
       Call Imp          |    21 |    28 ||    49
 Stab: Sleeping          |     2 |     1 ||     3
  Eat: Chunk             |     5 |     4 ||     9
       Ration            |       |     1 ||     1
Armor: Robe              |    23 |       ||    23
Dodge: Dodged            |    64 |    28 ||    92
